3A
KENNESAW JETS @ MONROEVILLE YINZERS
08/24/2042
 
TOP OF THE 1ST
Kennesaw Jets batting - Pitching for Monroeville Yinzers : RHP In-chor Im
Pitching: RHP In-chor Im
Batting: RHB Will Gamble 0-0: Called Strike
0-1: Called Strike
0-2: Foul Ball, location: 2F
0-2: Strikes out swinging, 2-3 out at first.
Batting: LHB Ta-hye Keng 0-0: Called Strike
0-1: Called Strike
0-2: Ball
1-2: Ball
2-2: Foul Ball, location: 2F
2-2: Fly out, F5 (Popup, 5F, EV 73.1 MPH)
Batting: RHB Rubén Nuañez 0-0: Called Strike
0-1: Ball
1-1: Foul Ball, location: 2F
1-2: Strikes out looking
Top of the 1st over - 0 runs, 0 hits, 0 errors, 0 left on base; Kennesaw 0 - Monroeville 0
BOTTOM OF THE 1ST
Monroeville Yinzers batting - Pitching for Kennesaw Jets : LHP Pete Miller
Pitching: LHP Pete Miller
Batting: SHB Cristo López 0-0: Ball
1-0: Ground out 1-3 (Groundball, 34S, EV 91.2 MPH)
Batting: SHB Chong-hun Cho 0-0: Called Strike
0-1: Swinging Strike
0-2: Ball
1-2: Ball
2-2: Foul Ball, location: 2F
2-2: Ground out 4-3 (Groundball, 4M, EV 78.1 MPH)
Batting: RHB Dave Hall 0-0: SINGLE (Line Drive, 6D, EV 103.1 MPH)
Batting: LHB Gustavo Gonzáles 0-0: Fielders Choice at 2nd, 6-4 (Groundball, 6, EV 86.9 MPH)
Bottom of the 1st over - 0 runs, 1 hit, 0 errors, 1 left on base; Kennesaw 0 - Monroeville 0
TOP OF THE 2ND
Kennesaw Jets batting - Pitching for Monroeville Yinzers : RHP In-chor Im
Batting: LHB Steve Hodge 0-0: Ball
1-0: Ball
2-0: Called Strike
2-1: Ball
3-1: Base on Balls
Batting: LHB Russ Boucher 0-0: Foul Ball, location: 2F
0-1: 2-RUN HOME RUN (Flyball, 8RXD, EV 94.4 MPH), Distance : 455 ft
Batting: LHB José Costa 0-0: Ball
1-0: Ball
2-0: Called Strike
2-1: Called Strike
2-2: Strikes out swinging
Batting: RHB Wally Harrison 0-0: Called Strike
0-1: Ball
1-1: Ball
2-1: Foul Ball, location: 2F
2-2: Strikes out swinging
Batting: LHB Jin-song Au-Yong 0-0: Called Strike
0-1: SINGLE (Groundball, 34D, EV 105.0 MPH)
Batting: RHB Steve Gill 0-0: Ball
1-0: Swinging Strike
1-1: Foul Ball, location: 2F
1-2: Fielders Choice at 2nd, 5-4 (Groundball, 5, EV 91.9 MPH)
Top of the 2nd over - 2 runs, 2 hits, 0 errors, 1 left on base; Kennesaw 2 - Monroeville 0
BOTTOM OF THE 2ND
Monroeville Yinzers batting - Pitching for Kennesaw Jets : LHP Pete Miller
Batting: RHB Mike Sackett 0-0: Called Strike
0-1: Ball
1-1: Ball
2-1: Foul Ball, location: 2F
2-2: Foul Ball, location: 2F
2-2: Ground out 1-3 (Groundball, P, EV 82.5 MPH)
Batting: SHB Jason Pratt 0-0: Called Strike
0-1: Ball
1-1: Ball
2-1: Ball
3-1: Base on Balls
Batting: RHB José Calderón 0-0: Ball
1-0: Called Strike
1-1: Ball
2-1: Swinging Strike
2-2: Strikes out looking
Batting: RHB Jackson Duffy 0-0: Called Strike
0-1: Swinging Strike
0-2: Ball
1-2: Ball
2-2: Strikes out swinging
Bottom of the 2nd over - 0 runs, 0 hits, 0 errors, 1 left on base; Kennesaw 2 - Monroeville 0
TOP OF THE 3RD
Kennesaw Jets batting - Pitching for Monroeville Yinzers : RHP In-chor Im
Batting: RHB Will Gamble 0-0: Called Strike
0-1: Swinging Strike
0-2: Strikes out swinging, 2-3 out at first.
Batting: LHB Ta-hye Keng 0-0: Ball
1-0: Swinging Strike
1-1: Ball
2-1: SINGLE (Line Drive, 56D, EV 99.4 MPH)
Batting: RHB Rubén Nuañez 0-0: Foul Ball, location: 2F
0-1: Grounds into double play, 5-4-3 (Groundball, 56S, EV 82.5 MPH)
Top of the 3rd over - 0 runs, 1 hit, 0 errors, 0 left on base; Kennesaw 2 - Monroeville 0
BOTTOM OF THE 3RD
Monroeville Yinzers batting - Pitching for Kennesaw Jets : LHP Pete Miller
Batting: RHB Drake Riley Jr. 0-0: Ball
1-0: Foul Ball, location: 2F
1-1: Foul Ball, location: 2F
1-2: Ball
2-2: Foul Ball, location: 2F
2-2: Strikes out swinging
Batting: SHB Cristo López 0-0: Ground out 4-3 (Groundball, 4, EV 104.4 MPH)
Batting: SHB Chong-hun Cho 0-0: Ball
1-0: Ball
2-0: Called Strike
2-1: Swinging Strike
2-2: Foul Ball, location: 2F
2-2: Foul Ball, location: 2F
2-2: Strikes out swinging
Bottom of the 3rd over - 0 runs, 0 hits, 0 errors, 0 left on base; Kennesaw 2 - Monroeville 0
TOP OF THE 4TH
Kennesaw Jets batting - Pitching for Monroeville Yinzers : RHP In-chor Im
Batting: LHB Steve Hodge 0-0: Ball
1-0: Ball
2-0: Ball
3-0: Called Strike
3-1: Base on Balls
Batting: LHB Russ Boucher 0-0: Ball
1-0: Fly out, F8 (Line Drive, 8LD, EV 90.6 MPH)
Batting: LHB José Costa 0-0: Swinging Strike
0-1: Fly out, F7 (Line Drive, 7, EV 103.8 MPH)
Pitching: RHP Carlos Guerrero
Batting: RHB Wally Harrison 0-0: Called Strike
0-1: Ball
1-1: Ball
2-1: Foul Ball, location: 2F
2-2: Strikes out swinging
Top of the 4th over - 0 runs, 0 hits, 0 errors, 1 left on base; Kennesaw 2 - Monroeville 0
BOTTOM OF THE 4TH
Monroeville Yinzers batting - Pitching for Kennesaw Jets : LHP Pete Miller
Batting: RHB Dave Hall 0-0: Ball
1-0: Ball
2-0: Called Strike
2-1: Fly out, F9 (Flyball, 9S, EV 81.2 MPH)
Batting: LHB Gustavo Gonzáles 0-0: SINGLE (Groundball, 6MD, EV 99.4 MPH)
Batting: RHB Mike Sackett 0-0: Ball
1-0: Swinging Strike
1-1: Foul Ball, location: 2F
1-2: Foul Ball, location: 2F
1-2: Ball
2-2: Ball
3-2: Strikes out looking
Batting: SHB Jason Pratt 0-0: Swinging Strike
0-1: Called Strike
0-2: Fielders Choice at 2nd, 5-4 (Groundball, 5L, EV 83.1 MPH)
Bottom of the 4th over - 0 runs, 1 hit, 0 errors, 1 left on base; Kennesaw 2 - Monroeville 0
TOP OF THE 5TH
Kennesaw Jets batting - Pitching for Monroeville Yinzers : RHP Carlos Guerrero
Batting: LHB Jin-song Au-Yong 0-0: Ball
1-0: Swinging Strike
1-1: Called Strike
1-2: Ball
2-2: Ball
3-2: Foul Ball, location: 2F
3-2: Foul Ball, location: 2F
3-2: Base on Balls
Batting: RHB Steve Gill 0-0: Bunted foul
0-1: Bunt missed!
0-2: Ball
1-2: Foul Ball, location: 2F
1-2: Ball
2-2: Ball
3-2: Foul Ball, location: 2F
3-2: Fly out, F3 (Line Drive, 3, EV 68.8 MPH)
Batting: RHB Will Gamble 0-0: Ball
1-0: Called Strike
1-1: Swinging Strike
1-2: Strikes out swinging
Batting: LHB Ta-hye Keng 0-0: Ball
1-0: Foul Ball, location: 2F
1-1: Ball
2-1: Foul Ball, location: 2F
2-2: Foul Ball, location: 2F
2-2: Foul Ball, location: 2F
2-2: Ball
3-2: Strikes out swinging
Top of the 5th over - 0 runs, 0 hits, 0 errors, 1 left on base; Kennesaw 2 - Monroeville 0
BOTTOM OF THE 5TH
Monroeville Yinzers batting - Pitching for Kennesaw Jets : LHP Pete Miller
Batting: RHB José Calderón 0-0: Ball
1-0: Ball
2-0: Foul Ball, location: 2F
2-1: SINGLE (Groundball, 6MD, EV 100.0 MPH)
Batting: RHB Jackson Duffy 0-0: Ball
1-0: Swinging Strike
1-1: Ball
2-1: Called Strike
2-2: Ball
3-2: Foul Ball, location: 2F
3-2: Strikes out looking
Batting: RHB Drake Riley Jr. 0-0: Ball
1-0: Ball
2-0: Foul Ball, location: 2F
2-1: Foul Ball, location: 2F
2-2: Strikes out swinging
Batting: SHB Cristo López 0-0: SINGLE (Line Drive, 7S, EV 100.6 MPH)
José Calderón to second
Batting: SHB Chong-hun Cho 0-0: Swinging Strike
0-1: Ball
1-1: Ball
2-1: Foul Ball, location: 2F
2-2: Strikes out swinging
Bottom of the 5th over - 0 runs, 2 hits, 0 errors, 2 left on base; Kennesaw 2 - Monroeville 0
TOP OF THE 6TH
Kennesaw Jets batting - Pitching for Monroeville Yinzers : RHP Carlos Guerrero
Pitching: RHP Donovan Poe
Batting: RHB Rubén Nuañez 0-0: Called Strike
0-1: Foul Ball, location: 2F
0-2: Ball
1-2: Ground out 5-3 (Groundball, 56, EV 87.5 MPH)
Batting: LHB Steve Hodge 0-0: Called Strike
0-1: DOUBLE (Line Drive, 78D, EV 113.1 MPH)
Batting: LHB Russ Boucher 0-0: Ball
1-0: Called Strike
1-1: Fly out, F9 (Flyball, 89S, EV 86.9 MPH)
Batting: LHB José Costa 0-0: Called Strike
0-1: Ball
1-1: Swinging Strike
1-2: Strikes out swinging
Top of the 6th over - 0 runs, 1 hit, 0 errors, 1 left on base; Kennesaw 2 - Monroeville 0
BOTTOM OF THE 6TH
Monroeville Yinzers batting - Pitching for Kennesaw Jets : LHP Pete Miller
Batting: RHB Dave Hall 0-0: Called Strike
0-1: Swinging Strike
0-2: Ball
1-2: Fly out, F3 (Popup, 23F, EV 78.1 MPH)
Batting: LHB Gustavo Gonzáles 0-0: Fly out, F8 (Flyball, 8RD, EV 87.5 MPH)
Batting: RHB Mike Sackett 0-0: Ball
1-0: Ball
2-0: DOUBLE (Line Drive, 89D, EV 106.9 MPH)
Batting: SHB Jason Pratt 0-0: SINGLE (Groundball, 6, EV 103.8 MPH) (infield hit)
Mike Sackett to third
Batting: RHB José Calderón 0-0: SINGLE (Groundball, 4D, EV 96.9 MPH)
Mike Sackett scores
Jason Pratt to second
Runner from 2nd tries for 3rd, SAFE, throw by CF made to third
Batting: RHB Jackson Duffy 0-0: Called Strike
0-1: Called Strike
0-2: Strikes out swinging
Bottom of the 6th over - 1 run, 3 hits, 0 errors, 2 left on base; Kennesaw 2 - Monroeville 1
TOP OF THE 7TH
Kennesaw Jets batting - Pitching for Monroeville Yinzers : RHP Donovan Poe
Batting: RHB Wally Harrison 0-0: Ball
1-0: Swinging Strike
1-1: Ball
2-1: Called Strike
2-2: Foul Ball, location: 2F
2-2: Strikes out swinging
Batting: LHB Jin-song Au-Yong 0-0: Ball
1-0: Called Strike
1-1: Swinging Strike
1-2: Strikes out looking
Pitching: RHP Rob Lee
Batting: RHB Steve Gill 0-0: Ball
1-0: Foul Ball, location: 2F
1-1: Ground out 5-3 (Groundball, 56, EV 84.4 MPH)
Top of the 7th over - 0 runs, 0 hits, 0 errors, 0 left on base; Kennesaw 2 - Monroeville 1
BOTTOM OF THE 7TH
Monroeville Yinzers batting - Pitching for Kennesaw Jets : LHP Pete Miller
Batting: RHB Drake Riley Jr. 0-0: Ball
1-0: SINGLE (Line Drive, 89M, EV 87.5 MPH)
Pitching: RHP Roberto Palmeiro
Batting: SHB Cristo López 0-0: Sac Bunt to 3S - play at first, batter OUT! 3-4
Drake Riley Jr. to second
Batting: SHB Chong-hun Cho 0-0: Ground out 4-3 (Groundball, 4, EV 90.6 MPH)
Drake Riley Jr. to third
Pinch Hitting: LHB Rashid Jeltkov 0-0: Fly out, F7 (Flyball, 78D, EV 106.2 MPH)
Bottom of the 7th over - 0 runs, 1 hit, 0 errors, 1 left on base; Kennesaw 2 - Monroeville 1
TOP OF THE 8TH
Kennesaw Jets batting - Pitching for Monroeville Yinzers : RHP Rob Lee
Now at 1B: Rubén Camacho
Batting: RHB Will Gamble 0-0: Ball
1-0: SINGLE (Flyball, 6MD, EV 94.4 MPH)
Batting: LHB Ta-hye Keng 0-0: Called Strike
0-1: Foul Ball, location: 2F
0-2: Ball
1-2: Ball
2-2: Foul Ball, location: 2F
2-2: Ball
3-2: Base on Balls
Will Gamble to second
Pitching: LHP Jasper In de Boomgaert
Batting: RHB Rubén Nuañez 0-0: Ball
1-0: Ball
2-0: Swinging Strike
2-1: Ball
3-1: Base on Balls
Will Gamble to third
Ta-hye Keng to second
Pitching: RHP Sidd Finch
Batting: LHB Steve Hodge 0-0: Ball
1-0: Ball
2-0: Called Strike
2-1: Foul Ball, location: 2F
2-2: DOUBLE (Line Drive, 9LM, EV 98.1 MPH)
Will Gamble scores
Ta-hye Keng scores
Rubén Nuañez to third
Batting: LHB Russ Boucher 0-0: SINGLE (Groundball, 4, EV 106.9 MPH) (infield hit)
Rubén Nuañez scores
Steve Hodge to third
Batting: LHB José Costa 0-0: Fielders Choice at 2nd, 6-4 (Groundball, 6, EV 99.4 MPH)
Steve Hodge scores
Batting: RHB Wally Harrison 0-0: Swinging Strike
0-1: Ball
1-1: Foul Ball, location: 2F
1-2: Ball
2-2: Ball
3-2: Base on Balls
José Costa to second
Batting: LHB Jin-song Au-Yong Pickoff Throw to Second - Error! E1
José Costa to third
Wally Harrison to second
0-0: Called Strike
0-1: Ball
1-1: Foul Ball, location: 2F
1-2: Foul Ball, location: 2F
1-2: Ball
2-2: Ball
3-2: Fly out, F9 (Flyball, 9S, EV 83.8 MPH)
Batting: RHB Steve Gill 0-0: Called Strike
0-1: Ball
1-1: Called Strike
1-2: Ball
2-2: DOUBLE (Line Drive, 7LM, EV 108.1 MPH)
José Costa scores
Wally Harrison scores
Pinch Hitting: LHB Scotty Forrest 0-0: Ball
1-0: Called Strike
1-1: Ball
2-1: Foul Ball, location: 2F
2-2: SINGLE (Groundball, 6, EV 95.6 MPH) (infield hit)
Steve Gill to third
Batting: LHB Ta-hye Keng 0-0: Ball
1-0: Ball
2-0: Ball
3-0: Called Strike
3-1: Base on Balls
Scotty Forrest to second
Batting: RHB Rubén Nuañez 0-0: Ball
1-0: Called Strike
1-1: Ball
2-1: Ground out 6-3 (Groundball, 6S, EV 75.0 MPH)
Top of the 8th over - 6 runs, 5 hits, 1 error, 3 left on base; Kennesaw 8 - Monroeville 1
BOTTOM OF THE 8TH
Monroeville Yinzers batting - Pitching for Kennesaw Jets : RHP Roberto Palmeiro
Now in LF: Scotty Forrest
Batting: LHB Gustavo Gonzáles 0-0: Ball
1-0: DOUBLE (Line Drive, 7LM, EV 97.5 MPH)
Batting: RHB Mike Sackett 0-0: Ball
1-0: Fly out, F7 (Flyball, 7, EV 81.2 MPH)
Batting: SHB Jason Pratt 0-0: Ball
1-0: Called Strike
1-1: Ground out U3 (Groundball, 3, EV 91.9 MPH)
Gustavo Gonzáles to third
Batting: RHB José Calderón 0-0: Called Strike
0-1: Foul Ball, location: 2F
0-2: Ground out 1-3 (Groundball, 34S, EV 76.2 MPH)
Bottom of the 8th over - 0 runs, 1 hit, 0 errors, 1 left on base; Kennesaw 8 - Monroeville 1
TOP OF THE 9TH
Kennesaw Jets batting - Pitching for Monroeville Yinzers : RHP Sidd Finch
Batting: LHB Steve Hodge 0-0: Foul Ball, location: 2F
0-1: Ball
1-1: Swinging Strike
1-2: Strikes out swinging
Batting: LHB Russ Boucher 0-0: Ball
1-0: Ball
2-0: Ball
3-0: Ground out 4-3 (Groundball, 4, EV 82.5 MPH)
Batting: LHB José Costa 0-0: Ball
1-0: Ball
2-0: Ball
3-0: Called Strike
3-1: Base on Balls
Batting: RHB Wally Harrison 0-0: Called Strike
0-1: Ball
1-1: Ball
2-1: Foul Ball, location: 2F
2-2: Foul Ball, location: 2F
2-2: Foul Ball, location: 2F
2-2: Ball
3-2: SINGLE (Flyball, 7S, EV 84.4 MPH)
José Costa to second
José Costa to third
Batting: LHB Jin-song Au-Yong 0-0: Called Strike
0-1: Called Strike
0-2: Ball
1-2: Ball
2-2: Strikes out swinging
Top of the 9th over - 0 runs, 1 hit, 0 errors, 2 left on base; Kennesaw 8 - Monroeville 1
BOTTOM OF THE 9TH
Monroeville Yinzers batting - Pitching for Kennesaw Jets : RHP Roberto Palmeiro
Batting: RHB Jackson Duffy 0-0: Called Strike
0-1: Swinging Strike
0-2: Ball
1-2: Ball
2-2: Foul Ball, location: 2F
2-2: Strikes out swinging
Batting: RHB Drake Riley Jr. 0-0: Ball
1-0: Ground out 6-3 (Groundball, 56, EV 102.5 MPH)
Batting: SHB Cristo López 0-0: Ball
1-0: Ball
2-0: Foul Ball, location: 2F
2-1: Foul Ball, location: 2F
2-2: Ground out 1-3 (Groundball, 23, EV 67.5 MPH)
Bottom of the 9th over - 0 runs, 0 hits, 0 errors, 0 left on base; Kennesaw 8 - Monroeville 1
Friday, March 26th, 2021 - OOTP Baseball 20.8 Build 74